 Dungeon Crawl Stone Soup version 0.28.0-53-g5a82cb258f (webtiles) character file.

Game seed: 3994896374619366388

4162 SanguineChosen the Cleaver (level 10, 0/89 HPs)
             Began as a Minotaur Berserker on Aug 3, 2022.
             Was an Elder of Trog.
             Slain by a yak (7 damage)
             ... on level 9 of the Dungeon.
             The game lasted 00:38:39 (10099 turns).

SanguineChosen the Cleaver (Minotaur Berserker)    Turns: 10099, Time: 00:38:44

Health: 0/89       AC: 12    Str: 24    XL:     10   Next: 7%
Magic:  9/9        EV:  9    Int:  6    God:    Trog [****..]
Gold:   66         SH:  3    Dex: 10    Spells: 9/9 levels left

rFire   + . .      SeeInvis .   a - +0 hand axe (vamp)
rCold   . . .      Faith    .   y - +0 buckler
rNeg    . . .      Spirit   .   m - +0 chain mail
rPois   .          Reflect  .   (helmet restricted)
rElec   .          Harm     .   (no cloak)
rCorr   .          Rampage  .   u - +0 pair of gloves
Will    ++...                   (no boots)
Stlth   ..........              C - amulet of the acrobat
HPRegen 1.24/turn               n - ring of protection from fire
MPRegen 0.11/turn               (no ring)

@: about to teleport, strong-willed, regenerating
A: horns 2, retaliatory headbutt, talons 1
a: Renounce Religion, Berserk, Trog's Hand, Brothers in Arms


You were on level 9 of the Dungeon.
You worshipped Trog.
Trog was greatly pleased with you.
You visited 1 branch of the dungeon, and saw 9 of its levels.

You collected 381 gold pieces.
You spent 315 gold pieces at shops.

Inventory:

Hand Weapons
 a - a +0 vampiric hand axe (weapon)
 v - a +0 battleaxe
 G - a +4 mace of freezing
Missiles
 h - 5 curare-tipped darts (quivered)
 t - 4 throwing nets
Armour
 j - +0 acid dragon scales
 m - a +0 chain mail (worn)
 u - a +0 pair of gloves (worn)
 y - a +0 buckler (worn)
Jewellery
 n - a ring of protection from fire (left hand)
 r - a +6 ring of intelligence
 z - a ring of ice
 C - an amulet of the acrobat (around neck)
Wands
 e - a wand of flame (17)
 F - a wand of acid (4)
Scrolls
 d - a scroll of enchant weapon
 o - a scroll of fog {unknown}
 s - a scroll of brand weapon
 w - 2 scrolls of enchant armour
 x - a scroll of fear {unknown}
 A - a scroll of noise {unknown}
 B - a scroll of amnesia {unknown}
 E - a scroll of blinking {unknown}
Potions
 b - 2 potions of lignification
 c - a potion of might {unknown}
 f - 2 potions of cancellation
 g - a potion of invisibility {unknown}
 k - a potion of resistance {unknown}
 l - a potion of berserk rage {unknown}
 p - 2 potions of curing {unknown}
 q - a potion of haste
 D - 3 potions of flight


   Skills:
 + Level 8.3 Fighting
 + Level 12.6 Axes
 + Level 9.7 Armour
 + Level 3.8 Dodging
 + Level 0.2 Shields
 + Level 0.1 Evocations


You had 9 spell levels left.
You didn't know any spells.
Your spell library was empty.

Dungeon Overview and Level Annotations

Branches:
Dungeon (9/15)             Temple (0/1) D:4            Lair (0/6) D:8
    Orc: D:9-12

Altars:
Ashenzari
Gozag
Nemelex Xobeh
Okawaru
Trog
Xom
Yredelemnul

Shops:
D:4 ?


Innate Abilities, Weirdness & Mutations

You have a pair of horns on your head.
You reflexively headbutt those who attack you in melee.
You have sharp toenails.


Message History

Trog accepts your kill.
The bolt of acid hits the wight!
The wight seems to be corroded for longer.
You destroy the wight!
Trog accepts your kill. The yak gores you!
* * * LOW HITPOINT WARNING * * *
The yak gores you!
* * * LOW HITPOINT WARNING * * *
Your skin crawls.
You feel strong-willed. The yak misses you. You furiously retaliate!
You headbutt the yak!
You kill the yak!
Trog accepts your kill. The yak gores you but does no damage.
The goblin hits you but does no damage.
As you read the scroll of teleportation, it crumbles to dust.
You feel strangely unstable. The yak gores you.
* * * LOW HITPOINT WARNING * * *
The wight hits you but does no damage. You block the goblin's attack.
Aiming: Corrosive Bolt
Press: ? - help, Q - select action, (/) - cycle Shift-Dir - straight line, f - wight
Aim: a wight, wielding a +0 dire flail and wearing a +0 robe (heavily damaged, 71% to hit)
The bolt of acid hits the wight!
The acid corrodes the wight!
The wight is almost destroyed.
The bolt of acid hits the yak!
The acid corrodes the yak!
The yak is moderately wounded.
The bolt of acid hits the wight!!
The acid corrodes the wight!
You destroy the wight!
Trog accepts your kill.
You hear a shout!
The yak barely misses you. You furiously retaliate!
You headbutt the yak, but do no damage. The wight hits you but does no damage.
You block the goblin's attack.
Aiming: Corrosive Bolt
Press: ? - help, Q - select action, (/) - cycle Shift-Dir - straight line, f - yak
Aim: a yak (moderately wounded, covered in acid, 83% to hit)
The bolt of acid misses the wight.
The bolt of acid hits the yak!
The yak is heavily wounded.
The yak gores you!
You die...

o.... ..(.. ###.
#...########...
.#......#≈#...#
.........≈≈.. ###
.........≈o####.....
.........)Yz@≈≈≈#
.........)oY###≈≈≈#
........[.g#### ≈≈.
.......<..).≈≈. ≈
..........z≈≈z#
..........≈≈z##
...............
................
................


You could see 2 yaks, a wight (corroded), 2 orc priests and a goblin.

Vanquished Creatures
  Harold (D:7)
  2 wyverns
  Eustachio (D:6)
  A yak (D:9)
  A steam dragon (D:8)
  2 vampire mosquitoes (D:5)
  Edmund (D:6)
  An acid dragon (D:8)
  2 water moccasins (D:7)
  2 necrophages
  2 ogres
  2 centaurs
  A scorpion (D:4)
  2 water moccasin skeletons
  5 killer bees (D:8)
  11 wights
  3 howler monkeys
  A bullfrog zombie (D:5)
  A centaur zombie (D:6)
  2 hounds
  A bullfrog skeleton (D:6)
  An orc priest (D:3)
  Jessica (D:2)
  Terence (D:2)
  A scorpion zombie (D:5)
  Natasha (D:1)
  5 orc wizards
  2 killer bee zombies (D:7)
  2 hound skeletons (D:4)
  A howler monkey zombie (D:8)
  Robin (D:2)
  5 adders
  6 gnolls
  An adder skeleton (D:4)
  A worm (D:2)
  3 dart slugs
  23 orcs
  6 bats
  9 endoplasms
  5 giant cockroaches
  16 goblins
  6 hobgoblins
  10 kobolds
  5 quokkas
  5 ball pythons
  4 frilled lizards
  3 rats
169 creatures vanquished.

Vanquished Creatures (others)
  A demonic plant (D:1)
1 creature vanquished.

Grand Total: 170 creatures vanquished

Notes
Turn   | Place    | Note
-------+----------+-------------------------------------------
     0 | D:1      | SanguineChosen the Minotaur Berserker began the quest for
                  | the Orb.
     0 | D:1      | Reached XP level 1. HP: 19/19 MP: 0/0
   315 | D:1      | Reached skill level 4 in Axes
   315 | D:1      | Reached XP level 2. HP: 25/27 MP: 1/1
  1132 | D:1      | Reached ** piety under Trog
  1133 | D:1      | Reached XP level 3. HP: 34/34 MP: 2/2
  1304 | D:1      | Found a faded altar of an unknown god.
  1401 | D:2      | Noticed Natasha
  1410 | D:1      | Killed Natasha
  1840 | D:2      | Noticed Terence
  1859 | D:2      | Killed Terence
  1860 | D:2      | Reached XP level 4. HP: 5/41 MP: 3/3
  2173 | D:2      | Found an iron altar of Okawaru.
  2182 | D:2      | Noticed Jessica
  2207 | D:2      | Killed Jessica
  2208 | D:2      | Reached skill level 5 in Axes
  2223 | D:2      | Noticed Robin
  2249 | D:2      | Killed Robin
  2250 | D:2      | Reached skill level 5 in Fighting
  2250 | D:2      | Reached XP level 5. HP: 31/48 MP: 4/4
  3067 | D:3      | Reached *** piety under Trog
  3828 | D:4      | Reached skill level 6 in Axes
  3828 | D:4      | Reached XP level 6. HP: 36/56 MP: 5/5
  4105 | D:4      | Found a staircase to the Ecumenical Temple.
  4257 | D:4      | Found Xaqalici's Magic Scroll Shop.
  4275 | D:4      | Bought a scroll of enchant armour for 105 gold pieces
  4630 | D:4      | Found a broken altar of Ashenzari.
  4650 | D:4      | Reached skill level 7 in Axes
  5223 | D:5      | Entered Level 5 of the Dungeon
  5254 | D:5      | Reached XP level 7. HP: 26/62 MP: 6/6
  5606 | D:5      | Reached skill level 5 in Armour
  6057 | D:5      | Reached skill level 8 in Axes
  6124 | D:5      | Found a bloodstained altar of Trog.
  6129 | D:5      | Found a sparkling altar of Nemelex Xobeh.
  6129 | D:5      | Found a basalt altar of Yredelemnul.
  6140 | D:5      | Found an opulent altar of Gozag.
  6143 | D:5      | Found a shimmering altar of Xom.
  6263 | D:5      | Noticed a vampire mosquito
  6263 | D:5      | Noticed a vampire mosquito
  6269 | D:5      | Killed a vampire mosquito
  6301 | D:5      | Killed a vampire mosquito
  6302 | D:5      | Reached XP level 8. HP: 18/70 MP: 7/7
  6832 | D:6      | Reached skill level 9 in Axes
  6957 | D:6      | Noticed Edmund
  6976 | D:6      | Killed Edmund
  7342 | D:6      | Noticed Eustachio
  7355 | D:6      | Killed Eustachio
  7586 | D:6      | Gained mutation: You have sharp toenails. [potion of
                  | mutation]
  7648 | D:7      | Noticed Harold
  7675 | D:7      | Killed Harold
  7675 | D:7      | Reached **** piety under Trog
  7676 | D:7      | Reached skill level 10 in Axes
  7676 | D:7      | Reached XP level 9. HP: 32/79 MP: 8/8
  8164 | D:7      | Reached skill level 11 in Axes
  9036 | D:8      | Reached skill level 12 in Axes
  9517 | D:8      | Found a staircase to the Lair.
  9860 | D:4      | Bought a scroll of enchant armour for 105 gold pieces
  9860 | D:4      | Bought a scroll of enchant weapon for 105 gold pieces
  9946 | D:9      | Noticed a two-headed ogre
 10094 | D:9      | Reached XP level 10. HP: 40/88 MP: 9/9
 10097 | D:9      | HP: 4/89 [yak (4)]
 10099 | D:9      | Slain by a yak

Illustrated notes

Levels and vault maps discovered:
D:1:      amcnicky_arrival_double_pillar, layout_basic,
          dreamdust_ecumenical_altar_sealed_demon
D:2:      layout_loops_ring, basic_altar, uniq_terence, uniq_robin,
          uniq_jessica, uniq_natasha
D:3:      layout_basic
D:4:      layout_loops_corners, cheibrodos_ashenzari_chains,
          lemuel_temple_firewalk_b, serial_shops, shop, st_stairs_14
D:5:      layout_loops_ring, minmay_overflow_temple_star_hex
D:6:      layout_cave_pools, uniq_eustachio, uniq_edmund
D:7:      layout_basic, uniq_harold
D:8:      layout_rooms, lair_entry_dummy
D:9:      layout_rooms, enter_bailey_5, chequers_serial_rivers_small_b

Skill      XL: |  1  2  3  4  5  6  7  8  9 |
---------------+----------------------------+-----
Axes           | 4 5 6 7 8 10 12 | 12.6
Fighting       | 4 5 6 7 8 |  8.3
Armour         | 3 4 6 8 9 |  9.7
Dodging        | 3 |  3.8
Shields        | |  0.2
Evocations     | |  0.1

Action                   |  1- 3 |  4- 6 |  7- 9 | 10-12 || total
-------------------------+-------+-------+-------+-------++-------
Melee: Hand axe          |   104 |    76 |    33 |       ||   213
       Headbutt          |    15 |    17 |    42 |       ||    74
       Battleaxe         |       |    54 |   193 |       ||   247
       Punch             |       |     1 |       |       ||     1
       Kick              |       |       |    40 |       ||    40
Invok: Trog's Hand       |       |       |       |     1 ||     1
Evoke: Wand              |       |       |     3 |     4 ||     7
  Use: Scroll            |       |     4 |     5 |     1 ||    10
       Potion            |       |       |     8 |       ||     8
Armor: Animal skin       |    17 |       |       |       ||    17
       Ring mail         |     3 |     8 |       |       ||    11
       Chain mail        |       |    44 |   141 |     4 ||   189
Dodge: Dodged            |    55 |    66 |   137 |     2 ||   260
Block: Buckler           |       |       |     6 |     2 ||     8
